 Dungeon Crawl Stone Soup version 0.18-a0-1720-g8df8b1a (webtiles) character file.

23 Brocelonius the Vexing (level 3, -9/20 HPs)
             Began as a Kobold Arcane Marksman on Apr 9, 2016.
             Killed from afar by a hobgoblin (24 damage)
             ... with an exploding inner flame
             ... hexed by the player character
             ... on level 1 of the Dungeon.
             The game lasted 00:13:18 (1156 turns).

Brocelonius the Vexing (Kobold Arcane Marksman)     Turns: 1156, Time: 00:13:19

Health: -9/20      AC:  2    Str:  9    XL:     3   Next: 12%
Magic:  4/4        EV: 15    Int: 12    God:
Gold:   37         SH:  0    Dex: 15    Spells: 1 memorised, 3 levels left

rFire  . . .     SeeInvis .     a - +0 hand crossbow
rCold  . . .     Gourm    .     b - +0 robe
rNeg   . . .     Faith    .     (shield restricted)
rPois  .         Spirit   .     (no helmet)
rElec  .         Dismiss  .     (no cloak)
rCorr  .         Reflect  .     (no gloves)
SustAt .         Harm     .     (no boots)
MR     .....                    (no amulet)
Stlth  +.........               (no ring)
                                (no ring)

@: not resistant to hostile enchantments, very unstealthy
A: carnivore 3
a: no special abilities


You were on level 1 of the Dungeon.
You were not hungry.

You visited 1 branch of the dungeon, and saw 1 of its levels.

You collected 37 gold pieces.

Inventory:

Hand Weapons
 a - a +0 hand crossbow (weapon)
Missiles
 d - 40 bolts (quivered)
 e - 2 tomahawks of dispersal
 i - 19 stones
Armour
 b - a +0 robe (worn)
Scrolls
 h - a scroll of identify {unknown}
 l - a scroll of remove curse {unknown}
Potions
 k - a potion of brilliance
Books
 c - a book of Debilitation

   Spells                             Type                      Level
   a - Corona                         Hexes                        1
   b - Slow                           Hexes                        2
   c - Gell's Gravitas                Hexes/Translocation          3
   d - Inner Flame                    Hexes/Fire                   3
   e - Cause Fear                     Hexes                        4
   f - Leda's Liquefaction            Hexes/Earth                  4
Comestibles
 f - a meat ration


   Skills:
 + Level 1.1 Fighting
 + Level 3.2 Crossbows
 + Level 2.7 Dodging
 + Level 1.0 Spellcasting
 + Level 3.4 Hexes


You had 3 spell levels left.
You knew the following spells:

 Your Spells              Type           Power        Failure   Level  Hunger
a - Corona                Hex            #......      10%         1    ##.....


Dungeon Overview and Level Annotations

Branches:
Dungeon (1/15)

Altars:


Innate Abilities, Weirdness & Mutations

You are small and have problems with some larger weapons.
You are carnivorous and can eat meat at any time.


Message History

The bolt hits the hobgoblin but does no damage.
The hobgoblin misses you. x2
Firing (i - inventory. (,) - cycle):
d - 42 bolts (quivered)
Press: ? - help, Shift-Dir - straight line, f/p - hobgoblin
Aim: a hobgoblin (inner flame)
You shoot a bolt. The bolt closely misses the hobgoblin.
The hobgoblin hits you.
Firing (i - inventory. (,) - cycle):
d - 41 bolts (quivered)
Press: ? - help, Shift-Dir - straight line, f/p - hobgoblin
Aim: a hobgoblin (inner flame)
You shoot a bolt. The bolt closely misses the hobgoblin.
The hobgoblin closely misses you.
Firing (i - inventory. (,) - cycle):
d - 40 bolts (quivered)
Press: ? - help, Shift-Dir - straight line, f/p - hobgoblin
Aim: a hobgoblin (inner flame)
You shoot a bolt. The bolt hits the hobgoblin!
The hobgoblin explodes!
The fiery explosion engulfs you!
Ouch! That really hurt!
You die...

..........###...........†##...
###.......# #(##.......######.
#.......###'##........ .....
#.......##......#...........
#.......##......###.........
#.......##.....>............
#.......##§§§.....##.....#..
#.......##§§......# ...#..
#.......##§@§#.....
#.......##...#.....
#..................
#...................
##.................
#.................
#....#'#..........
#......#..........
#......#......


There were no monsters in sight!

Vanquished Creatures
  A giant cockroach (D:1)
  4 jackals (D:1)
  2 kobolds (D:1)
  5 bats (D:1)
  5 giant newts (D:1)
  4 goblins (D:1)
  2 rats (D:1)
23 creatures vanquished.

Notes
Turn   | Place    | Note
--------------------------------------------------------------
     0 | D:1      | Brocelonius the Kobold Arcane Marksman began the quest for the Orb.
     0 | D:1      | Reached XP level 1. HP: 12/12 MP: 2/2
   474 | D:1      | Reached XP level 2. HP: 16/16 MP: 3/3
  1052 | D:1      | Reached XP level 3. HP: 20/20 MP: 4/4
  1156 | D:1      | Killed from afar by a hobgoblin

Vault maps used:
D:1:      dpeg_arrival_ternary

Skill      XL: |  1  2 |
---------------+-------+-----
Crossbows      | 3 |  3.2
Fighting       | |  1.1
Dodging        | |  2.7
Spellcasting   | |  1.0
Hexes          | |  3.4

Action                   || total
-------------------------++-------
 Fire: Hand crossbow     ||    56
  Use: Potion            ||     2
       Scroll            ||     2
  Eat: Beef jerky        ||     1
